 Dungeon Crawl Stone Soup version 0.22.0 (webtiles) character file.

13562 Gorglomux the Fighter (level 11, -4/94 HPs)
             Began as a Demonspawn Gladiator on Aug 11, 2018.
             Was a High Priest of Qazlal.
             Slain by a cyclops (20 damage)
             ... on level 12 of the Dungeon.
             The game lasted 00:11:32 (10604 turns).

Gorglomux the Fighter (Demonspawn Gladiator)       Turns: 10604, Time: 00:11:33

Health: -4/94      AC: 19    Str: 17    XL:     11   Next: 77%
Magic:  16/16      EV:  9    Int:  9    God:    Qazlal [*****.]
Gold:   111        SH:  6    Dex: 16    Spells: 10/10 levels left

rFire    . . .     SeeInvis .   w - +6 executioner's axe of Courage {venom, +Blink}
rCold    + . .     Gourm    .   (shield currently unavailable)
rNeg     . . .     Faith    .   W - +2 chain mail {rPois}
rPois    +         Spirit   .   c - +0 helmet
rElec    .         Reflect  .   (no cloak)
rCorr    .         Harm     .   (no gloves)
MR       +....                  (boots unavailable)
Stlth    ..........             r - amulet of regeneration
HPRegen  0.65/turn              l - ring of flight
MPRegen  0.15/turn              m - ring of protection from magic

@: protected from physical damage, repel missiles
A: talons 3, rugged brown scales 2, cold resistance 1
a: Upheaval, Elemental Force, Disaster Area, Renounce Religion, Evoke Blink,
Evoke Flight


You were on level 12 of the Dungeon.
You worshipped Qazlal.
Qazlal was extremely pleased with you.
You were near starving.

You visited 2 branches of the dungeon, and saw 13 of its levels.

You collected 597 gold pieces.
You spent 486 gold pieces at shops.

Inventory:

Hand Weapons
 w - the +6 executioner's axe of Courage (weapon) {venom, +Blink}
   (You acquired it on level 11 of the Dungeon)

   It poisons the flesh of those it strikes.
   It lets you blink.
 C - a +1 war axe of draining
Missiles
 Z - 5 throwing nets (quivered)
Armour
 c - a +0 helmet (worn)
 z - a +2 shield
 W - a +2 chain mail of poison resistance (worn)
Jewellery
 l - a ring of flight (left hand)
 m - a ring of protection from magic (right hand)
 r - an amulet of regeneration (around neck)
Wands
 A - a wand of acid (6)
 D - a wand of digging (38)
 P - a wand of paralysis (35)
 S - a wand of scattershot (5)
Scrolls
 t - a scroll of noise
 u - a scroll of immolation
 y - a scroll of silence
 B - a scroll of blinking
 E - a scroll of holy word
 H - 11 scrolls of remove curse
 K - 2 scrolls of magic mapping
 N - 7 scrolls of amnesia
 R - 4 scrolls of identify
 U - 6 scrolls of teleportation
 Y - 5 scrolls of fog
Potions
 s - a potion of berserk rage
 v - a potion of magic
 F - a potion of degeneration
 G - 2 potions of might
 I - 4 potions of heal wounds
 J - a potion of invisibility
 L - 2 potions of flight
 O - 4 potions of haste
 Q - 2 potions of curing
 T - 2 potions of brilliance
 X - 2 potions of resistance
Miscellaneous
 V - a phantom mirror
Comestibles
 f - 20 rations


   Skills:
 + Level 9.8 Fighting
 + Level 9.2 Axes
 - Level 1.7 Throwing
 + Level 8.7 Armour
 - Level 2.8 Dodging
 + Level 7.0 Shields
 + Level 7.7 Invocations


You had 10 spell levels left.
You didn't know any spells.
Your spell library contained the following spells:

 Spells                   Type           Power        Failure   Level  Hunger
 Fireball                 Conj/Fire      #.........   100%        5    ######.
 Apportation              Tloc           #.....       99%         1    ##.....
 Conjure Flame            Conj/Fire      #.......     100%        3    ####...
 Throw Flame              Conj/Fire      #.....       99%         2    ###....
 Death's Door             Chrm/Necr      #.........   100%        8    #######
 Summon Small Mammal      Summ           #...         99%         1    ##.....
 Animate Skeleton         Necr           N/A          99%         1    ##.....
 Haunt                    Necr/Summ      #.........   100%        7    #######
 Borgnjor's Revivificati  Necr           #.........   100%        8    #######
 Sticky Flame             Conj/Fire      #.......     100%        4    #####..
 Necromutation            Tmut/Necr      #.........   100%        8    #######
 Confusing Touch          Hex            #.....       99%         1    ##.....
 Flame Tongue             Conj/Fire      #....        99%         1    ##.....
 Inner Flame              Hex/Fire       #.......     100%        3    ####...
 Infestation              Necr           #.........   100%        8    #######


Dungeon Overview and Level Annotations

Branches:
Dungeon (12/15)            Temple (1/1) D:5            Lair (0/6) D:9
    Orc (0/2) D:9

Altars:
Ashenzari
Cheibriados
Dithmenos
Elyvilon
Fedhas
Gozag
Hepliaklqana
Kikubaaqudgha
Makhleb
Nemelex Xobeh
Okawaru
Qazlal
Ru
Sif Muna
Trog
Uskayaw
Vehumet
Wu Jian
Xom
Yredelemnul
Zin
The Shining One

Shops:
D:11 ?[

Annotations:
D:4 Menkaure
D:6 2 runed doors, Drak's ghost, novice DrCK
D:11 1 runed door, nicolaieve's ghost, journeyman MiBe
D:12 1 runed door, Gorglomux's ghost, journeyman DsGl


Innate Abilities, Weirdness & Mutations

You have claws for feet.
You are mostly covered in rugged brown scales. (AC +2, +5% HP)
Your flesh is cold resistant. (rC+)


Message History

Unknown command!
You are too injured to fight recklessly!!!
Your chain mail prevents you from hitting the cyclops!
You claw the cyclops!
The cyclops butts heavily wounded!
The cyclops barely misses you!
Unknown command!
You butt-ly miss the cyclops!
The cyclops is heavily wounded!
You hear an angry butts!
The cyclops hits you!!! * * * don't die
* * * You feel more protected from physical attacks!
Unknown command!
Unknown command!
You slice the cyclops like a ripe choko!!!
The cyclops looks as sick as butt!!!
You claw the cyclops!
The butts is almost dead!
The cyclops hits you!!!!!! rip

###### ###########
#....# #.........#
#....# #.......(.#
#....# #.........####
#....# #.............
###....####.......§.....
..............§...§.....
(.....#####'#..(@§......
......#.....#.§C.§§.....
....###.....#.§.........
....#.......#.#'######..
....#.......#.#.. .
....#.......#.#..
....#.......#.#..
....#.......#.#...


You could see a cyclops.

Vanquished Creatures
  Harold (D:7)
  A two-headed ogre (D:9)
  Pikel (D:7)
  A manticore (D:11)
  Joseph (D:7)
  A centaur zombie (D:12)
  A kobold demonologist (D:11)
  A troll (D:11)
  2 hornets
  2 polar bears (D:9)
  2 hippogriffs
  A wyvern (D:8)
  A human (D:9)
  16 yaks
  A basilisk (D:9)
  A hungry ghost (D:12)
  An acid dragon (D:11)
  A water moccasin (D:10)
  2 orc warriors
  2 ice beasts (D:9)
  A necrophage (D:11)
  2 sky beasts
  A phantom (D:11)
  3 black bears
  5 ogres
  2 wolves (D:9)
  3 crocodiles
  4 centaurs
  2 big kobolds
  9 bullfrogs
  2 wyvern skeletons (D:12)
  3 scorpions
  14 killer bees
  9 wights
  An electric eel (D:9)
  3 howler monkeys
  A bullfrog zombie (D:12)
  6 crimson imps
  A quasit (D:12)
  A wyvern simulacrum (D:9)
  A centaur skeleton (D:4)
  A jelly (D:10)
  7 orc priests
  A gnoll shaman (D:5)
  4 hounds
  12 orc wizards
  A bullfrog skeleton (D:10)
  4 iguanas
  A statue (D:6)
  11 worker ants
  A killer bee zombie (D:5)
  2 hound skeletons
  A howler monkey zombie (D:5)
  A howler monkey skeleton (D:11)
  11 gnolls
  2 worker ant zombies
  14 adders
  2 shadow imps
  6 white imps (D:9)
  An ufetubus (D:9)
  2 oozes
  An adder skeleton (D:9)
  A worm (D:2)
  5 dart slugs
  An adder simulacrum (D:9)
  A leopard gecko (D:2)
  44 orcs
  3 ball pythons
  4 giant cockroaches
  3 goblins
  3 hobgoblins
  8 jackals
  4 quokkas
  3 bats
  2 frilled lizards (D:5)
  9 kobolds
  4 rats
295 creatures vanquished.

Vanquished Creatures (others)
  A plant (D:11)
1 creature vanquished.

Grand Total: 296 creatures vanquished

Notes
Turn   | Place    | Note
-------+----------+-------------------------------------------
     0 | D:1      | Gorglomux the Demonspawn Gladiator began the quest for the Orb.
     0 | D:1      | Reached XP level 1. HP: 16/16 MP: 1/1
    73 | D:1      | Gained mutation: You are partially covered in rugged brown scales. (AC +1, +3% HP) [demonic ancestry]
    73 | D:1      | Reached XP level 2. HP: 14/22 MP: 2/2
   382 | D:1      | Reached skill level 3 in Axes
   639 | D:1      | Reached skill level 1 in Armour
   674 | D:1      | Gained mutation: You have sharp toenails. [demonic ancestry]
   674 | D:1      | Reached XP level 3. HP: 28/28 MP: 3/3
  1045 | D:2      | Found a bloodstained altar of Trog.
  1275 | D:2      | Found a basalt altar of Yredelemnul.
  1587 | D:2      | Found a sparkling altar of Nemelex Xobeh.
  1588 | D:2      | Found an opulent altar of Gozag.
  2042 | D:3      | Gained mutation: You have razor-sharp toenails. [demonic ancestry]
  2042 | D:3      | Reached XP level 4. HP: 28/35 MP: 4/4
  2135 | D:3      | Reached skill level 3 in Fighting
  2388 | D:4      | Gained mutation: You have claws for feet. [demonic ancestry]
  2388 | D:4      | Reached XP level 5. HP: 40/42 MP: 5/5
  2582 | D:4      | Noticed an ogre
  2586 | D:4      | Noticed Menkaure
  2587 | D:4      | Reached XP level 6. HP: 41/49 MP: 6/6
  2600 | D:3      | Reached skill level 3 in Armour
  2821 | D:4      | Reached XP level 7. HP: 49/56 MP: 7/7
  3022 | D:4      | Found a basalt altar of Yredelemnul.
  3202 | D:5      | Entered Level 5 of the Dungeon
  3263 | D:5      | Found a sparkling altar of Nemelex Xobeh.
  4245 | D:5      | Found a staircase to the Ecumenical Temple.
  4377 | Temple   | Entered the Ecumenical Temple
  4429 | Temple   | Became a worshipper of Qazlal Stormbringer
  4719 | D:6      | Found a runed door.
  4773 | D:6      | Found a radiant altar of Vehumet.
  4876 | D:6      | Gained mutation: You are mostly covered in rugged brown scales. (AC +2, +5% HP) [demonic ancestry]
  4876 | D:6      | Reached XP level 8. HP: 58/67 MP: 8/8
  4910 | D:6      | Found a runed door.
  5045 | D:6      | Noticed Drak's ghost (novice DrCK)
  5107 | D:6      | Reached skill level 6 in Fighting
  5263 | D:6      | Reached skill level 6 in Axes
  5263 | D:6      | Reached skill level 1 in Shields
  5604 | D:7      | Noticed Joseph
  5622 | D:7      | Killed Joseph
  5812 | D:7      | Noticed Harold
  5845 | D:7      | Killed Harold
  5845 | D:7      | Reached skill level 6 in Armour
  5845 | D:7      | Reached skill level 3 in Shields
  5845 | D:7      | Reached XP level 9. HP: 25/75 MP: 9/9
  6256 | D:7      | Found a glowing silver altar of Zin.
  6362 | D:7      | Found a sparkling altar of Nemelex Xobeh.
  6576 | D:7      | Noticed Pikel
  6585 | D:7      | Killed Pikel
  6658 | D:7      | Reached * piety under Qazlal
  7076 | D:8      | Reached skill level 1 in Invocations
  7243 | D:8      | Gained mutation: Your flesh is cold resistant. (rC+) [demonic ancestry]
  7243 | D:8      | Reached XP level 10. HP: 74/84 MP: 11/11
  7268 | D:8      | Found a bloodstained altar of Trog.
  7380 | D:8      | Reached skill level 3 in Invocations
  7499 | D:8      | Reached ** piety under Qazlal
  8039 | D:9      | Noticed a two-headed ogre
  8063 | D:9      | Killed a two-headed ogre
  8220 | D:9      | Reached skill level 9 in Fighting
  8247 | D:9      | Reached *** piety under Qazlal
  8307 | D:9      | Found a staircase to the Lair.
  8341 | D:9      | Found an ornate altar of the Wu Jian Council.
  8350 | D:9      | Reached XP level 11. HP: 89/93 MP: 15/15
  8417 | D:9      | Found a burning altar of Makhleb.
  8419 | D:9      | Reached skill level 6 in Shields
  8420 | D:9      | Found a shimmering altar of Xom.
  8576 | D:9      | Found a staircase to the Orcish Mines.
  8742 | D:9      | Found a sacrificial altar of Ru.
  9118 | D:10     | Entered Level 10 of the Dungeon
  9121 | D:10     | Reached skill level 6 in Invocations
  9535 | D:10     | Reached **** piety under Qazlal
  9897 | D:11     | Noticed a soul eater
  9902 | D:11     | Found a runed door.
  9902 | D:11     | Found a shimmering altar of Xom.
  9902 | D:11     | Noticed nicolaieve's ghost (journeyman MiBe)
  9906 | D:11     | Noticed a scimitar of chaos
  9933 | D:11     | Found Avepraun's Antique Armour Emporium.
  9940 | D:11     | Found Guyjak's Magic Scroll Shop.
  9949 | D:11     | Bought 3 scrolls of amnesia for 157 gold pieces
  9949 | D:11     | Bought a scroll of immolation for 52 gold pieces
  9949 | D:11     | Bought a scroll of identify for 30 gold pieces
  9949 | D:11     | Bought a scroll of teleportation for 45 gold pieces
  9949 | D:11     | Bought a scroll of noise for 15 gold pieces
  9949 | D:11     | Bought a scroll of magic mapping for 52 gold pieces
  9949 | D:11     | Bought a scroll of identify for 30 gold pieces
  9949 | D:11     | Bought a scroll of identify for 30 gold pieces
  9949 | D:11     | Bought a scroll of remove curse for 45 gold pieces
  9949 | D:11     | Bought a scroll of fog for 30 gold pieces
  9953 | D:11     | Identified a scroll of acquirement
  9957 | D:11     | Got a polished executioner's axe
  9963 | D:11     | Identified the +6 executioner's axe of Courage {venom, +Blink} (You acquired it on level 11 of the Dungeon)
 10042 | D:11     | Reached skill level 9 in Axes
 10340 | D:11     | Found an ornate altar of the Wu Jian Council.
 10529 | D:12     | Found a runed door.
 10530 | D:12     | Found a shimmering altar of Xom.
 10530 | D:12     | Noticed Gorglomux's ghost (journeyman DsGl)
 10552 | D:12     | Noticed a scimitar of chaos
 10598 | D:12     | Reached ***** piety under Qazlal
 10604 | D:12     | Slain by a cyclops

Skill      XL: |  1  2  3  4  5  6  7  8  9 10 11 |
---------------+----------------------------------+-----
Axes           | 3 4 5 6 7 8 9 |  9.2
Armour         | 1 2 3 4 6 7 8 |  8.7
Fighting       | 3 4 5 7 8 9 |  9.8
Shields        | 3 4 5 7 |  7.0
Invocations    | 1 5 7 |  7.7
Throwing       | |  1.7
Dodging        | |  2.8

Action                   |  1- 3 |  4- 6 |  7- 9 | 10-12 || total
-------------------------+-------+-------+-------+-------++-------
Melee: War axe           |    99 |    80 |   322 |   347 ||   848
       Kick              |     8 |    23 |   102 |   123 ||   256
       Executioner's axe |       |       |       |    52 ||    52
  Use: Potion            |       |     3 |     3 |     1 ||     7
       Scroll            |       |       |       |    11 ||    11
 Stab: Invisible         |       |     1 |       |       ||     1
  Eat: Chunk             |     4 |     2 |    24 |     7 ||    37
Armor: Leather armour    |    32 |       |       |       ||    32
       Chain mail        |    25 |    55 |   236 |   200 ||   516
Dodge: Dodged            |    68 |    48 |   110 |   116 ||   342
       Deflected         |       |       |       |     1 ||     1
Block: Shield            |       |       |   111 |   288 ||   399
       Other             |       |       |       |    13 ||    13
